[Event "Early-Titled-Tuesday-Blitz-March-26-2024"]
[Site "Chess.com"]
[Date "2024.03.26"]
[Round "2"]
[White "Rsnr"]
[Black "Matrix3x3a"]
[Result "1-0"]
[WhiteElo "2906"]
[BlackElo "2605"]
[TimeControl "180+1"]
[EndTime "8:19:49 PDT"]
[Termination "Rsnr won by resignation"]

1. Nf3 Nf6 2. c4 c5 3. e3 g6 4. d4 cxd4 5. exd4 Bg7 6. d5 O-O 7. Be2 e6 8. O-O exd5 9. cxd5 d6 10. Nc3 Nbd7 11. h3 Re8 12. Bf4 Nc5 13. Rc1 a6 14.
Re1 Bd7 15. Bxd6 Nfe4 16. Nxe4 Nxe4 17. Ba3 Qb6 18. Rf1 Ng3 19. Re1 Ne4 20. Rf1 Ng3 21. Bc5 Qxb2 22. fxg3 Qxe2 23. Rf2 Qxd1+ 24. Rxd1 f5 25.
Bd4 Bf8 26. Ne5 Ba4 27. Rd3 Bd6 28. Re3 Rac8 29. g4 Rc1+ 30. Rf1 Rxf1+ 31. Kxf1 Bxe5 32. Bxe5 fxg4 33. hxg4 Bd7 34. g5 Rc8 35. Bc3 Rc5 36.
Kf2 Rxd5 37. Re7 Bc6 38. Rg7+ Kf8 39. Bf6 Rd2+ 40. Ke3 Rxa2 41. Rxh7 Rxg2 42. Kd4 Re2 43. Rh8+ Kf7 44. Rh7+ Ke8 45. Kc5 Re6 46. Kb6 Rd6 47.
Rh8+ Kf7 48. Rh7+ Ke6 49. Re7+ Kf5 50. Re5+ Kf4 51. Re7 Rd5 52. Rg7 Rxg5 53. Bxg5+ Kxg5 54. Kc5 Kf6 55. Rg8 g5 56. Kd4 a5 57. Rf8+ Kg7 58.
Rf5 Kg6 59. Rxa5 g4 60. Ke3 Bf3 61. Kf4 Kf6 62. Rb5 Ke6 63. Rb6+ Kd7 64. Rg6 Kc7 65. Ke5 b5 66. Kd4 Kb7 67. Kc5 Be2 68. Rg7+ Kc8 69.
Kc6 Kd8 70. Kd6 Kc8 71. Kc5 Kd8 72. Kc6 Ke8 73. Kd6 Kf8 74. Rg5 Bf3 75. Kc5 Kf7 76. Kxb5 Kf6 77. Rg8 Kf5 78. Kc5 Kf4 79. Kd4 g3 80. Rf8+ Kg4 81. Ke3 Bd5 82. Rd8 Bh1 83. Rg8+ Kh3 84. Rh8+ Kg4 85. Rxh1 g2 86. Rg1 Kg3 87.
Ke2 Kh2 88. Kf2 Kh3 89. Rxg2 1-0

[Event "Early-Titled-Tuesday-Blitz-March-26-2024"]
[Site "Chess.com"]
[Date "2024.03.26"]
[Round "2"]
[White "JimDiGrease"]
[Black "djano"]
[Result "1/2-1/2"]
[WhiteElo "2961"]
[BlackElo "2654"]
[TimeControl "180+1"]
[EndTime "8:19:50 PDT"]
[Termination "Game drawn by repetition"]

1. d4 Nf6 2. c4 g6 3. Nc3 Bg7 4. e4 d6 5. Nf3 O-O 6. Be2 c5 7. O-O cxd4 8. Nxd4 Nc6 9. Re1 Nxd4 10. Qxd4 Be6 11.
Qd2 Rc8 12. Qe3 Bxc4 13. Bxc4 Rxc4 14. Qxa7 b5 15. Bg5 h6 16. Bxf6 Bxf6 17. Nd5 Bxb2 18. Rab1 Bd4 19. Qxe7 Rc2 20. Rf1 Rxa2 21. Rxb5 Kg7 22.
Rb4 Bc5 23. Rc4 Qxe7 24. Nxe7 Rb8 25. e5 Rxf2 26. Rcc1 Re2+ 27. Kh1 Rxe5 28. Nc6 Rbe8 29. Nxe5 Rxe5 30. Rfe1 Rf5 31. Rf1 Re5 32. Rce1 f6 33.
g3 f5 34. Kg2 Kf6 35. Kf3 Rd5 36. Rd1 Re5 37. Rfe1 g5 38. g4 f4 39. Rxe5 Kxe5 40. Re1+ Kf6 41. Ke4 Bb4 42. Rd1 Bc5 43. Rd5 Kg6 44.
Rf5 h5 45. h3 hxg4 46. hxg4 Bb4 47. Kd5 Bc5 48. Ke6 Bb4 49. Rf6+ Kg7 50. Rf7+ Kg6 51. Rf6+ Kg7 52. Rf5 Kg6 53. Kd5 Bc5 54. Ke4 Bb4 55.
Rd5 Bc5 56. Kf3 Kf6 57. Rd3 Bb4 58. Rd5 Bc5 59. Rf5+ Kg6 60. Rf8 Kg7 61. Re8 Kf7 62. Re1 d5 63. Re5 Kf6 64. Rxd5 Be3 65. Rf5+ Kg6 66.
Ke4 Bd2 67. Ke5 Bc3+ 68. Ke6 Bd4 69. Rf8 Bc3 70. Ra8 Bd4 71. Ra3 Be3 72. Ke5 Bc1 73. Ra6+ Kg7 74. Ra7+ Kg6 75. Ra6+ Kg7 76. Kf5 f3 77. Ra2 Be3 78. Ke4 f2 79. Ra1 Bd2 80.
Rf1 Be1 81. Kf3 Kf6 82. Rxf2 Bxf2 83. Kxf2 Ke6 84. Ke2 Kd6 85. Kd2 Ke6 86. Ke2 Kd6 87. Kd2 Ke6 88. Ke2 1/2-1/2

[Event "Early-Titled-Tuesday-Blitz-March-26-2024"]
[Site "Chess.com"]
[Date "2024.03.26"]
[Round "2"]
[White "YairParkhov"]
[Black "shimastream"]
[Result "0-1"]
[WhiteElo "2699"]
[BlackElo "3043"]
[TimeControl "180+1"]
[EndTime "8:20:06 PDT"]
[Termination "shimastream won by resignation"]

1. d4 b6 2. e4 Bb7 3. Bd3 e6 4. Nf3 c5 5. Bg5 Be7 6. Bxe7 Qxe7 7. c3 Nf6 8. Nbd2 O-O 9. O-O cxd4 10.
cxd4 d6 11. Rc1 Nc6 12. a3 Rac8 13. Qe2 Rfd8 14. Ba6 h6 15. h3 Bxa6 16. Qxa6 Rc7 17.
Rc3 Nb8 18. Qd3 Rdc8 19. Rfc1 Rxc3 20. Rxc3 Rxc3 21. Qxc3 Qb7 22. Qc2 Nbd7 23. Kf1 Nf8 24. Ke1 Ng6 25. g3 Ne7 26. Ng1 b5 27. Ne2 Nc6 28. f3 Qb6 29. Qd3 a5 30. g4 a4 31.
Kd1 b4 32. axb4 Nxb4 33. Qc3 Qb7 34. Nc4 Ne8 35. Na3 Nc7 36. Nc1 Nc6 37. Nd3 Qb6 38.
Nc4 Qxd4 39. Qxd4 Nxd4 40. Nxd6 Nxf3 41. Nc5 Ng1 42. h4 Nf3 43. Nxa4 Nxh4 44. Nc5 Nf3 45. b4 Ne5 46. b5 Na8 47. Nc8 Nc4 48. Nd7 Nc7 49.
b6 Na6 50. b7 g5 51. Ke2 Kg7 52. Na7 Nd6 53. Nc5 Nb8 54. Kf3 Nc4 55. Nb5 Ne5+ 56.
Kg3 Kf6 57. Nd6 Ke7 58. Nc8+ Kd8 59. Nd6 Kc7 60. Ne8+ Kc6 61. Nb3 Kxb7 62. Nd4 Nbc6 63. Nb5 Kc8 64. Nf6 Kd8 65. Ng8 Ne7 66. Nxh6 Ke8 67.
Nd6+ Kf8 68. Kf2 Kg7 69. Nhxf7 Nxf7 70. Ne8+ Kg6 71. Nc7 Kf6 72. Ke3 Ne5 73. Ne8+ Kf7 74. Nd6+ Kf6 75. Ne8+ Kg6 76. Nc7 Nxg4+ 77. Kf3 Ne5+ 78.
Kg3 Kf7 79. Nb5 Ng8 80. Nd6+ Ke7 81. Nc8+ Kf6 82. Nd6 Ke7 83. Nc8+ Kf8 84. Nd6 Nf6 85. Nc8 Nxe4+ 86. Kg2 Nf6 87. Nd6 Ke7 88. Nc8+ Kd7 89. Nb6+ Kc6 90. Nc8 Nd5 91. Kg3 Kc7 92. Na7 Nc3 93. Kf2 Kb7 94. Ke3 Kxa7 95. Kd4 g4 96.
Kxe5 g3 97. Kd4 g2 98. Ke5 g1=Q 99. Kd6 Qd4+ 0-1

[Event "Early-Titled-Tuesday-Blitz-March-26-2024"]
[Site "Chess.com"]
[Date "2024.03.26"]
[Round "2"]
[White "Russian_berezka"]
[Black "Elegance_Riks"]
[Result "0-1"]
[WhiteElo "2557"]
[BlackElo "2802"]
[TimeControl "180+1"]
[EndTime "8:20:24 PDT"]
[Termination "Elegance_Riks won by resignation"]

1. d4 d5 2. Bf4 Nf6 3. e3 Bf5 4. c4 e6 5. Nc3 Bb4 6. Qb3 Nc6 7.
Nf3 O-O 8. Be2 dxc4 9. Bxc4 Ne4 10. O-O Bxc3 11. bxc3 Na5 12. Qb4 Nxc4 13. Qxc4 Bg4 14. Ne5 Bf5 15. Rfd1 c6 16. f3 Nd6 17. Qe2 f6 18. Nd3 Bxd3 19. Qxd3 Qe7 20. Rab1 Rf7 21. c4 Rd8 22. Bxd6 Qxd6 23. Rb2 Rfd7 24. Rdb1 b6 25. Qc3 c5 26. Rd2 cxd4 27. Rxd4 Qc6 28. Rbd1 e5 29.
Rxd7 Rxd7 30. Rxd7 Qxd7 31. Kf2 Qd6 32. Ke2 Kf7 33. Qd3 Qxd3+ 34. Kxd3 Ke6 35. Kc3 Kd6 36. Kb4 Kc6 37. c5 bxc5+ 38. Kc4 a6 39. e4 g6 40. a4 Kb6 41. g3 h5 42. f4 Kc6 43.
h4 Kd6 44. a5 Kc6 45. f5 gxf5 46. exf5 Kd6 47. Kd3 Kd5 48. Ke3 c4 49. g4 hxg4 50.
h5 c3 51. h6 c2 52. Kd2 g3 53. h7 g2 54. h8=Q c1=Q+ 55. Kxc1 g1=Q+ 56. Kb2 Qd4+ 57. Kb3 Qc4+ 58. Ka3 Qc3+ 59. Ka4 Qc4+ 60. Ka3 Qc5+ 61.
Ka4 Qb5+ 62. Ka3 Qxa5+ 63. Kb3 Qb5+ 64. Kc3 Qc4+ 65. Kb2 Qd4+ 66. Kb3 Qd3+ 67. Kb2 Qxf5 68. Qa8+ Kd4 69. Qa7+ Ke4 70. Qxa6 Qf2+ 71. Kc1 Qe3+ 72. Kb2 f5 73. Qc6+ Kf4 74. Qh6+ Ke4 75. Qc6+ Kd3 76. Qc3+ Ke2 77. Qc4+ Kf3 78. Qd5+ Qe4 79. Qg8 Qe2+ 80.
Kc1 Qe3+ 81. Kc2 f4 82. Qh8 Qe2+ 83. Kc1 Qf1+ 84. Kc2 Qg2+ 85. Kc1 e4 86. Qc3+ e3 87. Qc6+ Kf2 88. Qc2+ e2 89. Qc5+ Kf1 90. Qc4 f3 91.
Kd2 Qg5+ 92. Kc2 Qf5+ 93. Kb2 Qe5+ 94. Kc2 Kf2 95. Qh4+ Qg3 96. Qd4+ Kg2 97. Qd2 Qc7+ 98. Kb2 Qb6+ 99. Kc2 Qg6+ 100. Kb2 Qg3 101. Kc2 Kf1 102. Qd3 Kf2 103. Qd4+ Kf1 104. Qd3 Qf2 105. Kd2 Qe1+ 106. Kc2 Qd1+ 107. Qxd1+ exd1=Q+ 108. Kxd1 Kg2 109. Kd2 f2 0-1

[Event "Early-Titled-Tuesday-Blitz-March-26-2024"]
[Site "Chess.com"]
[Date "2024.03.26"]
[Round "2"]
[White "AwareIdea"]
[Black "teresin05"]
[Result "1/2-1/2"]
[WhiteElo "2505"]
[BlackElo "2284"]
[TimeControl "180+1"]
[EndTime "8:20:41 PDT"]
[Termination "Game drawn - insufficient material"]

1. d4 d5 2. Bf4 Nf6 3. e3 c5 4. Nc3 a6 5. Qd2 Nc6 6. Nf3 Bf5 7. Ne5 e6 8. f3 Nxe5 9. Bxe5 Nd7 10.
Bg3 cxd4 11. exd4 Bb4 12. a3 Ba5 13. b4 Bb6 14. Na4 Ba7 15. Nc5 Nxc5 16. dxc5 O-O 17. Be2 b6 18. c6 b5 19. c7 Qd7 20. a4 Rfc8 21. axb5 axb5 22. Ra5 Bb6 23. Bxb5 Qe7 24.
Ra6 Bxc7 25. Rxa8 Rxa8 26. O-O Bxg3 27. hxg3 Rb8 28. c4 dxc4 29. Bxc4 Qxb4 30. Qxb4 Rxb4 31.
Rc1 Rb8 32. g4 Bg6 33. Be2 Kf8 34. Rc7 f6 35. Kf2 Bf7 36. Bd3 h6 37. g3 e5 38. f4 Re8 39. Bb5 Rb8 40. Bd3 Rd8 41. Ke3 Re8 42. Kf2 Re7 43. Rc8+ Be8 44. Bb5 Kf7 45.
Bc4+ Kg6 46. Bd3+ e4 47. Bc2 Kf7 48. Ke3 Bd7 49. Bb3+ Kg6 50. Rc4 Bxg4 51. Rxe4 Rxe4+ 52. Kxe4 Bf5+ 53. Kf3 Bd3 54. Bd5 Kf5 55. Bf7 Be4+ 56. Ke3 Bg2 57. Kf2 Bc6 58. Bh5 g6 59. Be2 h5 60. Ke3 g5 61. Bxh5 gxf4+ 62. gxf4 Bb7 63. Bd1 Bc6 64. Bc2+ Kg4 65. Bg6 Kg3 66. Bf7 Kg4 67. Bc4 Kg3 68. Be6 Bb7 69. Bd7 Bg2 70. Bc8 Bc6 71. Bf5 Bd5 72. Bd3 Bc6 73. Be4 Bd7 74.
Bd3 Kg4 75. Be2+ Kg3 76. Bf3 f5 77. Bd5 Be8 78. Bf3 Bg6 79. Be2 Bf7 80. Bd3 Kg4 81. Be2+ Kg3 82. Bd1 Be6 83. Bh5 Bd5 84. Bg6 Be4 85.
Bf7 Bc2 86. Bd5 Kg4 87. Bf3+ Kh4 88. Bh1 Kg3 89. Bc6 Kh4 90. Bd7 Kg4 91. Be8 Kg3 92. Bh5 Kh4 93. Be2 Kg3 94. Bc4 Kg4 95. Ba6 Kg3 96.
Bb7 Kg4 97. Ba8 Kg3 98. Bb7 Kg4 99. Ba6 Kg3 100. Be2 Bb1 101. Bd1 Kh4 102. Bb3 Be4 103. Kd4 Kg3 104. Ke5 Kg4 105. Be6 Bd3 106. Bf7 Be4 107. Bb3 Bd3 108. Bd1+ Kg3 109. Bh5 Bc2 110. Bf7 Kg4 111. Bd5 Bd3 112. Bb3 Be4 113. Bd1+ Kg3 114. Be2 Bc2 115. Bh5 Be4 116. Bg6 Kg4 117. Bh7 Bd3 118. Bg8 Bc2 119. Bd5 Bd3 120. Be6 Bc2 121. Bxf5+ Bxf5 122. Kf6 Kxf4 1/2-1/2

[Event "Early-Titled-Tuesday-Blitz-March-26-2024"]
[Site "Chess.com"]
[Date "2024.03.26"]
[Round "2"]
[White "ilushka"]
[Black "MightyGMpretender"]
[Result "1-0"]
[WhiteElo "2512"]
[BlackElo "2771"]
[TimeControl "180+1"]
[EndTime "8:20:42 PDT"]
[Termination "ilushka won by resignation"]

1. Nf3 Nf6 2. g3 g6 3. b3 Bg7 4. Bb2 O-O 5. Bg2 d6 6. d4 c6 7. O-O Bf5 8. Nbd2 Ne4 9. Re1 a5 10. Nh4 Nxd2 11. Nxf5 gxf5 12. Qxd2 d5 13. c4 e6 14.
cxd5 cxd5 15. Rac1 Nc6 16. Ba3 Re8 17. e3 a4 18. b4 Na7 19. Bf1 Nc8 20. b5 Nd6 21.
Bxd6 Qxd6 22. Rc5 Bf8 23. Rec1 Qb6 24. R5c2 Ba3 25. Rb1 Rec8 26. Rc3 Qd6 27. Qc2 Qf8 28.
Bd3 Kg7 29. h3 h6 30. Rc7 Rxc7 31. Qxc7 Qc8 32. b6 Rb8 33. Kh2 Qxc7 34. bxc7 Rc8 35. Rxb7 Bd6 36. Bb5 a3 37. Ra7 Rxc7 38. Rxc7 Bxc7 39.
Kg2 Ba5 40. Kf3 Kf6 41. g4 fxg4+ 42. hxg4 Kg5 43. Kg3 Be1 44. Be8 Kf6 45. Kf3 Ke7 46. Ba4 Kf6 47. Ke2 Bb4 48. f4 Bc3 49. Kf3 Bb2 50. Bb3 Bc1 51. Bc2 Ke7 52. Bb3 Kd6 53. Ba4 Bb2 54. Bc2 Bc1 55. Bb3 f6 56. Bc2 Bb2 57.
Bb3 Ke7 58. Bc2 Kd7 59. Bb3 Kd6 60. Bc2 Kc6 61. Bb3 Kb5 62. Ke2 Bc1 63. Kd3 Kc6 64.
Ba4+ Kd6 65. Bb3 Bb2 66. Ba4 Ke7 67. Bb3 Kf7 68. Ba4 Kg6 69. Bd7 Kf7 70. Bc8 Ke7 71. Bb7 Kd6 72. Ba8 Bc1 73. Bb7 Kc7 74. Ba6 Kd7 75.
Bb5+ Ke7 76. Bc6 Kf7 77. f5 Ke7 78. Bb7 exf5 79. gxf5 Kd6 80. e4 dxe4+ 81. Bxe4 h5 82. Kc4 h4 83. Bg2 Be3 84. Bh3 Bc1 85. Bg2 Bb2 86.
Bh3 Kc6 87. Bg2+ Kc7 88. Bh3 Kb6 89. Bg2 Kc7 90. Bh3 Kd6 91. Bg2 Kd7 92. Bh3 Ke7 93.
Bg2 Kf7 94. Bh3 Kg7 95. Bg2 Kh6 96. d5 Be5 97. Kc5 Kg5 98. Bh3 Kf4 99. d6 Kg3 100. Bf1 Kf2 101. Bh3 Kg3 102. Bf1 h3 103. d7 Bc7 104.
Bb5 Kg2 105. Bc6+ Kg1 106. Bd5 h2 107. Kc6 Bd8 108. Kb7 h1=Q 109. Bxh1 Kxh1 110. Kc8 Ba5 111. d8=Q Bxd8 112.
Kxd8 Kg2 113. Ke7 Kf3 114. Kxf6 Ke4 115. Kg6 Kd3 116. f6 Kc2 117. f7 Kb2 118. f8=Q Kxa2 119. Qf2+ Ka1 120. Qe1+ Kb2 121. Qd2+ Kb1 122. Qb4+ Ka2 123. Kf5 Ka1 124. Qxa3+ 1-0

[Event "Early-Titled-Tuesday-Blitz-March-26-2024"]
[Site "Chess.com"]
[Date "2024.03.26"]
[Round "3"]
[White "hsd2016"]
[Black "TatjanaVasilevich"]
[Result "0-1"]
[WhiteElo "2308"]
[BlackElo "2609"]
[TimeControl "180+1"]
[EndTime "8:21:59 PDT"]
[Termination "TatjanaVasilevich won by resignation"]

1. Nf3 Nf6 2. c4 e6 3. b3 d5 4. Bb2 c5 5. cxd5 exd5 6. Nc3 d4 7. Nb5 a6 8. Na3 b5 9. d3 c4 10. bxc4 Bxa3 11. Bxa3 Qa5+ 12. Qd2 Qxa3 13. cxb5 axb5 0-1

[Event "Early-Titled-Tuesday-Blitz-March-26-2024"]
[Site "Chess.com"]
[Date "2024.03.26"]
[Round "3"]
[White "balack95"]
[Black "karinachess1"]
[Result "0-1"]
[WhiteElo "2435"]
[BlackElo "2623"]
[TimeControl "180+1"]
[EndTime "8:22:43 PDT"]
[Termination "karinachess1 won by resignation"]

1. d4 Nf6 2. c4 e6 3. Nc3 d5 4.
f3 c5 5. cxd5 cxd4 6. Qxd4 Nc6 7.
Qd1 exd5 8. e3 Bc5 9. Na4 Bb4+ 10. Bd2 O-O 11. Bd3 Re8 12. Ne2 Rxe3 13. O-O Rxd3 14.
Nac3 d4 15. Nb1 Bxd2 16. Nxd2 Qa5 0-1

[Event "Early-Titled-Tuesday-Blitz-March-26-2024"]
[Site "Chess.com"]
[Date "2024.03.26"]
[Round "3"]
[White "Zhigalko_Sergei"]
[Black "Zurability"]
[Result "1-0"]
[WhiteElo "2909"]
[BlackElo "2720"]
[TimeControl "180+1"]
[EndTime "8:22:59 PDT"]
[Termination "Zhigalko_Sergei won by checkmate"]

1. e4 c5 2. Nf3 d6 3. d4 cxd4 4.
Qxd4 a6 5. Bc4 Nc6 6. Qd3 Bg4 7. Nc3 Nb4 8. Bxf7+ Kxf7 9. Qc4+ d5 10. Ne5+ Ke6 11. exd5+ Kxe5 12. Qf4# 1-0

[Event "Early-Titled-Tuesday-Blitz-March-26-2024"]
[Site "Chess.com"]
[Date "2024.03.26"]
[Round "3"]
[White "ural58"]
[Black "GlavkonVVS"]
[Result "0-1"]
[WhiteElo "2454"]
[BlackElo "2645"]
[TimeControl "180+1"]
[EndTime "8:23:25 PDT"]
[Termination "GlavkonVVS won by resignation"]

1. e4 Nf6 2. e5 Nd5 3. d4 d6 4. c4 Nb6 5. f4 dxe5 6. fxe5 c5 7.
d5 g6 8. Be3 Bg7 9. Nf3 Bg4 10.
Be2 Bxf3 11. gxf3 Bxe5 12. Bxc5 O-O 13. Nc3 N8d7 14. Bd4 Rc8 15. b3 e6 16. dxe6 Qh4+ 17.
Kf1 Bxd4 0-1

[Event "Early-Titled-Tuesday-Blitz-March-26-2024"]
[Site "Chess.com"]
[Date "2024.03.26"]
[Round "3"]
[White "igorknyazev"]
[Black "whiteglovethief"]
[Result "0-1"]
[WhiteElo "2235"]
[BlackElo "2516"]
[TimeControl "180+1"]
[EndTime "8:23:25 PDT"]
[Termination "whiteglovethief won by resignation"]

1. e4 e6 2. d3 d5 3. Nd2 Nc6 4. g3 Nf6 5. Bg2 dxe4 6. dxe4 Bc5 7. Ngf3 e5 8. O-O Bg4 9. h3 Bh5 10. c3 Qd3 11. Qa4 O-O-O 12. Nc4 Bxf3 13. b4 Bxg2 14. Kxg2 Qxc4 0-1

[Event "Early-Titled-Tuesday-Blitz-March-26-2024"]
[Site "Chess.com"]
[Date "2024.03.26"]
[Round "3"]
[White "chess123456s"]
[Black "xiaopang123"]
[Result "1-0"]
[WhiteElo "2556"]
[BlackElo "2179"]
[TimeControl "180+1"]
[EndTime "8:23:37 PDT"]
[Termination "chess123456s won by resignation"]

1. d4 d5 2. Nc3 Nf6 3. Bf4 c5 4. e4 cxd4 5. Qxd4 Nc6 6. Bb5 dxe4 7. Qxd8+ Kxd8 8. O-O-O+ Bd7 9. f3 e6 10. fxe4 Bb4 11. Nf3 Bxc3 12. bxc3 Nxe4 13. Bxc6 bxc6 14. Ne5 Nc5 15. Be3 1-0

[Event "Early-Titled-Tuesday-Blitz-March-26-2024"]
[Site "Chess.com"]
[Date "2024.03.26"]
[Round "3"]
[White "Aradhya2000"]
[Black "XDPS"]
[Result "1-0"]
[WhiteElo "2753"]
[BlackElo "2910"]
[TimeControl "180+1"]
[EndTime "8:23:46 PDT"]
[Termination "Aradhya2000 won by resignation"]

1. d4 d5 2. c4 c6 3. Nf3 Nf6 4. Nc3 e6 5. e3 Nbd7 6. Qc2 Be7 7. b3 O-O 8. Bb2 b6 9. Bd3 Bb7 10. O-O h6 11. Rad1 Qc7 12. Ne5 dxc4 13. Bxc4 Nxe5 14. dxe5 Ng4 15. Ne4 Nxe5 16. Bxe5 Qxe5 17. Rd7 Bc8 18. Rxe7 f5 19. Qc3 1-0

[Event "Early-Titled-Tuesday-Blitz-March-26-2024"]
[Site "Chess.com"]
[Date "2024.03.26"]
[Round "3"]
[White "Suleyman_Chess06"]
[Black "Art10ECHR"]
[Result "1-0"]
[WhiteElo "2688"]
[BlackElo "2471"]
[TimeControl "180+1"]
[EndTime "8:23:54 PDT"]
[Termination "Suleyman_Chess06 won by resignation"]

1. Nf3 d5 2. g3 Nf6 3. Bg2 c5 4.
O-O Nc6 5. d4 e6 6. c4 dxc4 7. dxc5 Qxd1 8. Rxd1 Bxc5 9. Nbd2 c3 10.
Nb3 Be7 11. bxc3 O-O 12. Bf4 Bd7 13. Ne5 Nxe5 14. Bxe5 Bc6 15. Bxc6 bxc6 16. c4 a5 17. Nd4 Rfc8 18. Rab1 Bc5 19. Rb7 Ng4 20. Bxg7 Nxf2 21. Kxf2 Kxg7 22. Kg2 Rd8 23. Nxe6+ 1-0

[Event "Early-Titled-Tuesday-Blitz-March-26-2024"]
[Site "Chess.com"]
[Date "2024.03.26"]
[Round "3"]
[White "arnash_bauyrzhan"]
[Black "Davidalhesa2007"]
[Result "1-0"]
[WhiteElo "2359"]
[BlackElo "1865"]
[TimeControl "180+1"]
[EndTime "8:24:13 PDT"]
[Termination "arnash_bauyrzhan won by resignation"]

1. e4 c5 2. Nf3 e6 3. d4 cxd4 4. Nxd4 a6 5. Bd3 Nc6 6. Be3 Qc7 7. c4 Nf6 8. Nc3 Bb4 9. O-O Bxc3 10. bxc3 Ne5 11.
h3 Nxc4 12. Bxc4 Qxc4 13. e5 Nd5 14. Qg4 Kf8 15. Nxe6+ dxe6 16. Qxc4 1-0

[Event "Early-Titled-Tuesday-Blitz-March-26-2024"]
[Site "Chess.com"]
[Date "2024.03.26"]
[Round "3"]
[White "Chxss_Khxsbu"]
[Black "Predator0608"]
[Result "0-1"]
[WhiteElo "1757"]
[BlackElo "2538"]
[TimeControl "180+1"]
[EndTime "8:24:19 PDT"]
[Termination "Predator0608 won by resignation"]

1. e4 b6 2. d4 Bb7 3. Nc3 e6 4. Nf3 Ne7 5. Bc4 g6 6. O-O Bg7 7. d5 O-O 8. d6 cxd6 9. Qxd6 Nc8 10. Qd3 a6 11. Bf4 b5 12. Bb3 Qb6 13. Rad1 b4 14. Na4 Qa5 15. Rfe1 Bc6 16. Bd6 Nxd6 17. Qxd6 Bxa4 18.
Bxa4 Qxa4 19. e5 Qc6 20. Nd4 Qxd6 21. exd6 Nc6 22. Nb3 Bxb2 23. Nc5 Bc3 24. Nxd7 Bxe1 25. Nxf8 Kxf8 26. Rxe1 Ke8 27. Rd1 Kd7 0-1

[Event "Early-Titled-Tuesday-Blitz-March-26-2024"]
[Site "Chess.com"]
[Date "2024.03.26"]
[Round "3"]
[White "N_I_Chess"]
[Black "AlexanderKing"]
[Result "0-1"]
[WhiteElo "2320"]
[BlackElo "2660"]
[TimeControl "180+1"]
[EndTime "8:24:20 PDT"]
[Termination "AlexanderKing won by checkmate"]

1. d4 e6 2. c4 d5 3. Nc3 c5 4. cxd5 exd5 5. Nf3 Nc6 6. dxc5 d4 7. Nb1 Bxc5 8. g3 Nf6 9. Bg2 O-O 10. O-O Re8 11.
a3 a5 12. Nbd2 Bg4 13. h3 Bf5 14. Nb3 Bb6 15. g4 Bg6 16. Bg5 h6 17. Bh4 a4 18.
Nc1 Qd6 19. Bg3 Qe7 20. Re1 Ne4 21. Bf4 Qf6 22. Nd3 Bh7 23. Nfe5 Nxe5 24. Bxe5 Rxe5 25. Nxe5 Qxe5 26. Rc1 Nxf2 27. Kxf2 Qe3+ 28. Kf1 d3 29. Qxd3 Qf2# 0-1

[Event "Early-Titled-Tuesday-Blitz-March-26-2024"]
[Site "Chess.com"]
[Date "2024.03.26"]
[Round "3"]
[White "The_Straightforward_Rook"]
[Black "Better_Chess_Faster"]
[Result "1-0"]
[WhiteElo "2416"]
[BlackElo "2167"]
[TimeControl "180+1"]
[EndTime "8:24:36 PDT"]
[Termination "The_Straightforward_Rook won by resignation"]

1. e4 d6 2. Nf3 Nf6 3. d3 g6 4. g3 Bg7 5. Bg2 e5 6. O-O O-O 7. Nbd2 c6 8. a4 a5 9. Nc4 Na6 10. b3 Be6 11. Ba3 Re8 12. Nxd6 Re7 13. Nc4 Nb4 14.
c3 Bxc4 15. bxc4 Rd7 16. cxb4 Rxd3 17. Qc2 Nxe4 18. Ne1 Rxa3 19. Rxa3 Nd2 20. Rd3 1-0

[Event "Early-Titled-Tuesday-Blitz-March-26-2024"]
[Site "Chess.com"]
[Date "2024.03.26"]
[Round "3"]
[White "Kotlyar_K"]
[Black "Alexander_Donchenko"]
[Result "1-0"]
[WhiteElo "2603"]
[BlackElo "2883"]
[TimeControl "180+1"]
[EndTime "8:24:43 PDT"]
[Termination "Kotlyar_K won by resignation"]

1. e4 c6 2. Nf3 d5 3. Nc3 dxe4 4. Nxe4 Nf6 5. Qe2 Nxe4 6. Qxe4 Nd7 7. Bc4 Nf6 8. Ne5 e6 9. Qe2 b5 10. Bb3 Qc7 11. d4 Bd6 12. O-O O-O 13. Bf4 Bb7 14.
Rfd1 a6 15. Rac1 c5 16. c4 b4 17. Bg3 Rad8 18. d5 Rfe8 19. f4 exd5 20. cxd5 Nd7 21. Re1 f6 22. Qh5 Nb6 23. Nc4 Nxc4 24. Rxe8+ 1-0

[Event "Early-Titled-Tuesday-Blitz-March-26-2024"]
[Site "Chess.com"]
[Date "2024.03.26"]
[Round "3"]
[White "crescentmoon2411"]
[Black "DCacheiro"]
[Result "1-0"]
[WhiteElo "2886"]
[BlackElo "2521"]
[TimeControl "180+1"]
[EndTime "8:24:51 PDT"]
[Termination "crescentmoon2411 won by checkmate"]

1. d4 Nf6 2. c4 g6 3. Nc3 Bg7 4. e4 d6 5. h4 c5 6. dxc5 Qa5 7. Bd3 Qxc5 8. Be3 Qc7 9. f3 Nc6 10. Nge2 O-O 11. Rc1 Ne5 12. Nf4 Nxd3+ 13. Qxd3 Bd7 14. h5 Rac8 15. hxg6 hxg6 16. Ncd5 Nxd5 17. Nxd5 Qd8 18. Bh6 Bxh6 19. Rxh6 e6 20. Qd4 e5 21. Qxa7 Ra8 22. Kf2 Rxa7 23. Rch1 f6 24. Rh8+ Kf7 25. R1h7+ Ke6 26.
Rxf8 Qxf8 27. Nc7# 1-0

[Event "Early-Titled-Tuesday-Blitz-March-26-2024"]
[Site "Chess.com"]
[Date "2024.03.26"]
[Round "3"]
[White "Boorchess"]
[Black "KVAIDAN"]
[Result "1-0"]
[WhiteElo "2576"]
[BlackElo "2342"]
[TimeControl "180+1"]
[EndTime "8:24:56 PDT"]
[Termination "Boorchess won by checkmate"]

1. d4 e6 2. Nf3 f5 3. Bf4 Nf6 4. e3 Be7 5. h3 O-O 6. Bd3 b6 7. Nbd2 Bb7 8. g4 Ne4 9. gxf5 Nxd2 10.
Kxd2 exf5 11. Rg1 c5 12. Ne5 d6 13. Rxg7+ Kxg7 14. Qh5 dxe5 15. Bxe5+ Bf6 16. Rg1+ Kh8 17. Bxf5 Qe7 18. Bxh7 Qxh7 19. Bxf6+ Rxf6 20. Qe8+ Qg8 21. Qxg8# 1-0

[Event "Early-Titled-Tuesday-Blitz-March-26-2024"]
[Site "Chess.com"]
[Date "2024.03.26"]
[Round "3"]
[White "Slovineanu"]
[Black "klimkoj"]
[Result "0-1"]
[WhiteElo "2513"]
[BlackElo "2820"]
[TimeControl "180+1"]
[EndTime "8:24:57 PDT"]
[Termination "klimkoj won by resignation"]

1. d4 Nf6 2. Nf3 g6 3. Nbd2 d5 4. e3 Bg7 5. b4 O-O 6. c4 a5 7. b5 c5 8. dxc5 Ne4 9. Ba3 Nxd2 10. Nxd2 d4 11. Rc1 dxe3 12. fxe3 Nd7 13. Nf3 Qc7 14.
b6 Qc6 15. Nd4 Qe4 16. Qd3 Qe5 17. Nf3 Qh5 18. Qd5 Qh6 19. Qg5 Qxg5 20. Nxg5 Ne5 21. c6 Nxc6 22. Be2 Bh6 23. Nf3 Bxe3 24. Rd1 Bxb6 0-1

[Event "Early-Titled-Tuesday-Blitz-March-26-2024"]
[Site "Chess.com"]
[Date "2024.03.26"]
[Round "3"]
[White "Gennady_Kozlov"]
[Black "Manukyan_Artak"]
[Result "1-0"]
[WhiteElo "2666"]
[BlackElo "2463"]
[TimeControl "180+1"]
[EndTime "8:24:59 PDT"]
[Termination "Gennady_Kozlov won on time"]

1. b3 a5 2. a4 Nf6 3. Bb2 d5 4. e3 Bg4 5. Be2 Bxe2 6. Qxe2 e6 7. f4 Nbd7 8. Nf3 Be7 9. O-O O-O 10. d3 c5 11. Na3 b6 12. e4 Re8 13. Nb5 dxe4 14.
dxe4 Nf8 15. Rad1 1-0

[Event "Early-Titled-Tuesday-Blitz-March-26-2024"]
[Site "Chess.com"]
[Date "2024.03.26"]
[Round "3"]
[White "Harry_Rakkel"]
[Black "AlmasRakhmatullaev"]
[Result "0-1"]
[WhiteElo "2727"]
[BlackElo "2915"]
[TimeControl "180+1"]
[EndTime "8:25:13 PDT"]
[Termination "AlmasRakhmatullaev won by resignation"]

1. e4 e5 2. Nf3 Nc6 3. Bc4 Nf6 4. Ng5 d5 5. exd5 b5 6. Bf1 Nd4 7. c3 Nf5 8. Bxb5+ Bd7 9. Qa4 Bc5 10. Bxd7+ Nxd7 11. Ne4 O-O 12. Nxc5 Nxc5 13. Qc4 Qe7 14. b4 Nd7 15. O-O e4 16. Re1 Rfe8 17. d3 Ne5 18.
Qxe4 Nf3+ 19. gxf3 Qd7 20. Bf4 Rxe4 21. dxe4 Nh4 22.
Nd2 Qh3 0-1

[Event "Early-Titled-Tuesday-Blitz-March-26-2024"]
[Site "Chess.com"]
[Date "2024.03.26"]
[Round "3"]
[White "HanSchut"]
[Black "Cheer_Down"]
[Result "0-1"]
[WhiteElo "2261"]
[BlackElo "2477"]
[TimeControl "180+1"]
[EndTime "8:25:17 PDT"]
[Termination "Cheer_Down won by resignation"]

1. e4 e5 2. Nf3 Nc6 3. Bc4 Nf6 4. d4 exd4 5. e5 Ne4 6. Qe2 Nc5 7. c3 d3 8. Qe3 Be7 9. b4 Ne6 10. O-O a6 11. Rd1 d5 12. Rxd3 dxc4 13. Rxd8+ Ncxd8 14. Nbd2 b5 15. a4 Bb7 16. axb5 axb5 17. Rxa8 Bxa8 18. Nd4 Nxd4 19. Qxd4 O-O 20. f4 f5 21. Kf2 Bc6 22.
Nf3 Ne6 23. Qa7 Ra8 24. Qe3 Ra2+ 25. Kg3 g5 26. fxg5 f4+ 27. Qxf4 Nxf4 28. Bxf4 0-1